 Dungeon Crawl Stone Soup version 0.22.0-21-g8bd1b0a (webtiles) character file.

51 mopl the Firebug (level 3, 0/21 HPs)
             Began as an Octopode Fire Elementalist on Aug 19, 2018.
             Slain by an ooze (5 damage)
             ... on level 2 of the Dungeon.
             The game lasted 00:02:08 (1291 turns).

mopl the Firebug (Octopode Fire Elementalist)       Turns: 1291, Time: 00:02:09

Health: 0/21       AC:  1    Str: 12    XL:     3   Next: 83%
Magic:  4/6        EV: 13    Int: 18    God:
Gold:   34         SH:  0    Dex: 12    Spells: 5/6 levels left

rFire    + . .     SeeInvis .   l - -3 spear (curse)
rCold    . . .     Gourm    .   (no shield)
rNeg     . . .     Faith    .   (helmet restricted)
rPois    .         Spirit   .   (no amulet)
rElec    .         Reflect  .   a - ring of protection from magic
rCorr    .         Harm     .   f - ring of protection from fire
MR       +....                  (no ring)
Stlth    +++.......             (no ring)
HPRegen  0.07/turn              (no ring)
MPRegen  0.10/turn              (no ring)
                                (no ring)
                                (no ring)

@: mighty, lethally poisoned (0 -> -4)
A: almost no armour, stealthy swim, amphibious, 8 rings, constrict 8, camouflage
1, gelatinous body 1
a: no special abilities


You were on level 2 of the Dungeon.
You were not hungry.

You visited 1 branch of the dungeon, and saw 2 of its levels.

You collected 34 gold pieces.

Inventory:

Hand Weapons
 l - a cursed -3 spear (weapon)
Jewellery
 a - a ring of protection from magic (left tentacle)
 f - a ring of protection from fire (right tentacle)
Scrolls
 d - 5 scrolls of identify
 e - a scroll of enchant armour {unknown}
 h - a scroll of blinking {unknown}
 k - a scroll of fog {unknown}
 m - a scroll of amnesia {unknown}
Potions
 c - a potion of mutation {!q}
 i - 2 potions of agility
Comestibles
 b - 4 rations
 g - 2 chunks of flesh


   Skills:
 - Level 2.0 Dodging
 - Level 2.6 Stealth
 + Level 2.3 Spellcasting
 * Level 2.3 Conjurations
 * Level 3.7 Fire Magic


You had 5 spell levels left.
You knew the following spells:

 Your Spells              Type           Power        Failure   Level  Hunger
a - Flame Tongue          Conj/Fire      ##...        4%          1    #......

Your spell library contained the following spells:

 Spells                   Type           Power        Failure   Level  Hunger
 Throw Flame              Conj/Fire      ##....       8%          2    ##.....
 Conjure Flame            Conj/Fire      ##......     16%         3    ###....
 Inner Flame              Hex/Fire       #.......     24%         3    ###....
 Sticky Flame             Conj/Fire      ##......     45%         4    #####..
 Fireball                 Conj/Fire      ##........   80%         5    ######.


Dungeon Overview and Level Annotations

Branches:
Dungeon (2/15)

Altars:


Innate Abilities, Weirdness & Mutations

You cannot wear most types of armour.
You are very stealthy in the water. (Stealth+)
You are amphibious.
You can wear up to eight rings at the same time.
You can use your tentacles to constrict eight enemies at once.
Your skin changes colour to match your surroundings (Stealth+).
Your rubbery body absorbs attacks. (AC +1, EV +1)


Message History

Unknown command.
The ooze quivers.
You see here an adder corpse.
You butcher the adder corpse.
Things that are here:
a chunk of flesh; an adder skeleton An ooze is nearby!
You feel sick.
You feel sick.
You feel sick.
You feel very mighty all of a sudden.
Casting: Flame Tongue (safe; 4% risk of failure)
Confirm with . or Enter, or press ? or * to list all spells.
Aiming: Flame Tongue (safe; 4% risk of failure)
Press: ? - help, Shift-Dir - straight line, f - ooze
Aim: an ooze The flame tongue hits the ooze.
The ooze is moderately wounded.
You feel sick. The ooze hits you.
You die...

#.# ...### ## # #.#
...... .
#..###.###..#.. #
##..#.....#...##
.######
#...#######....
....... #.≈≈≈≈≈≈≈...
......... #
#.#######..#...######.
####.#J#..@..#..##.#
#.
.......###J###..##.#
#####. #.%.#.#....##.#
#.(...
###.#.#.#÷.##.###.####
#.....#..##.....####
#######.............
#.###.###.#### #.# #.#
#.# # #.# #.###.####


You could see an ooze.

Vanquished Creatures
  3 adders (D:2)
  A leopard gecko (D:2)
  2 giant cockroaches
  4 goblins
  A hobgoblin (D:1)
  2 jackals (D:1)
  3 bats
  2 frilled lizards
  2 kobolds
  5 rats
25 creatures vanquished.

Notes
Turn   | Place    | Note
-------+----------+-------------------------------------------
     0 | D:1      | mopl the Octopode Fire Elementalist began the quest for the Orb.
     0 | D:1      | Reached XP level 1. HP: 11/11 MP: 3/3
   506 | D:1      | Reached XP level 2. HP: 17/17 MP: 3/5
   916 | D:2      | Reached skill level 2 in Conjurations
   916 | D:2      | Reached XP level 3. HP: 10/21 MP: 0/6
  1291 | D:2      | Slain by an ooze

Skill      XL: |  1  2 |
---------------+-------+-----
Conjurations   | 2 |  2.3
Dodging        | |  2.0
Stealth        | |  2.6
Spellcasting   | |  2.3
Fire Magic     | |  3.7

Action                   || total
-------------------------++-------
Melee: Unarmed           ||    23
       Constrict         ||    11
       Tentacles         ||     4
       Spear             ||    19
 Cast: Flame Tongue      ||    28
  Use: Scroll            ||     3
       Potion            ||     1
 Stab: Sleeping          ||     9
  Eat: Chunk             ||     1
Armor: Skin              ||     6
Dodge: Dodged            ||    35
